 Dungeon Crawl Stone Soup version 0.32-a0-779-g362cfca (webtiles) character file.

Game seed: 9238487455966298243

5967 Meow the Fighter (level 10, -9/103 HPs)
             Began as a Naga Conjurer on Mar 19, 2024.
             Was an Initiate of Gozag.
             Mangled by an orc knight
             ... wielding a +0 bardiche
              (35 damage)
             ... in a bailey.
             The game lasted 00:32:49 (9515 turns).

Meow the Fighter (Naga Conjurer)                    Turns: 9515, Time: 00:32:50

Health: -9/103     AC:  9    Str:  9    XL:     10   Next: 84%
Magic:  3/21       EV:  8    Int: 24    God:    Gozag
Gold:   749        SH:  0    Dex:  9    Spells: 12/24 levels left

rFire   . . .        a - +1 orcbow
rCold   . . .        (shield currently unavailable)
rNeg    . . .        c - +0 robe
rPois   +            l - +1 helmet
rElec   .            n - +2 cloak
rCorr   .            (no gloves)
SInv    +            (no barding)
Will    +....        p - amulet of regeneration
Stlth   ++           t - ring of flight
HPRegen 1.17/turn    (no ring)
MPRegen 0.17/turn

%: no passive effects
@: short of breath, gold aura, flying, very slow
A: AC +3, large, see invisible, deformed body, poison resistance, slowness 2,
spit poison 1, naga tail 1
a: Spit Poison, Renounce Religion, Potion Petition, Call Merchant, Bribe Branch


You were in a bailey.
You worshipped Gozag.
Gozag was pleased with you.
You visited 2 branches of the dungeon, and saw 9 of its levels.
You also visited: Bailey.

You collected 1041 gold pieces.
You spent 208 gold pieces at shops.
You paid 84 gold pieces to Gozag.

Inventory:

Hand Weapons
 a - a +1 orcbow (weapon)
 b - the +3 mace "Kucud" {freeze, Will+}
   (You bought it in a shop on level 4 of the Dungeon)

   Will+:     It increases your willpower.
 A - a +2 whip of pain
Missiles
 i - 3 throwing nets
 o - 98 stones
 s - 9 poisoned darts
 z - 7 boomerangs
Armour
 c - a +0 robe (worn)
 f - a scarf of resistance
 l - a +1 helmet (worn)
 n - a +2 cloak (worn)
 u - a scarf of shadows
Magical Staves
 m - a staff of fire
Jewellery
 k - an amulet of faith
 p - an amulet of regeneration (around neck)
 t - a ring of flight (left hand)
 F - an amulet of magic regeneration
Wands
 g - a wand of acid (5)
 w - a wand of flame (23)
Scrolls
 d - 2 scrolls of amnesia
 h - a scroll of silence
 D - 2 scrolls of teleportation
 E - a scroll of vulnerability
Potions
 e - a potion of might
 j - a potion of ambrosia {unknown}
 r - 2 potions of curing
 B - a potion of brilliance {unknown}
 C - a potion of heal wounds {unknown}


   Skills:
 + Level 10.5 Fighting
 - Level 1.5 Dodging
 - Level 3.0 Stealth
 + Level 7.9 Spellcasting
 + Level 9.6 Conjurations


You had 12 spell levels left.
You knew the following spells:

 Your Spells              Type           Power      Damage    Failure   Level
a - Magic Dart            Conj           100%       1d8       1%          1
b - Searing Ray           Conj           100%       2d8       1%          2
A - Sting                 Conj/Alch      100%       1d9       1%          1
B - Iskenderun's Mystic   Conj/Tloc      32%        2d8       9%          4
F - Fulminant Prism       Conj/Alch      16%        3d10      9%          4

Your spell library contained the following spells:

 Spells                   Type           Power      Damage    Failure   Level
 Foxfire                  Conj/Fire      100%       2x1d9     1%          1
 Shock                    Conj/Air       100%       1d9       1%          1
 Momentum Strike          Conj/Tloc      64%        3d9       1%          2
 Apportation              Tloc           18%        N/A       7%          1
 Necrotise                Necr           36%        1d5       7%          1
 Summon Small Mammal      Summ           36%        N/A       7%          1
 Blink                    Tloc           18%        N/A       10%         2
 Jinxbite                 Hex            18%        N/A       10%         2
 Lesser Beckoning         Tloc           18%        N/A       10%         2
 Swiftness                Air            9%         N/A       21%         3
 Tukima's Dance           Hex            9%         N/A       21%         3
 Airstrike                Air            4%         2d(1-17)  54%         4
 Dimensional Bullseye     Hex/Tloc       4%         N/A       54%         4
 Starburst                Conj/Fire      16%        6d6       80%         6
 Alistair's Intoxication  Alch           6%         N/A       88%         5
 Plasma Beam              Fire/Air       4%         2x1d14    100%        6


Dungeon Overview and Level Annotations

Branches:
Dungeon (8/15)             Temple (1/1) D:6          Bailey (1/1)
   Lair: D:8-11

Altars:
Cheibriados
Dithmenos
Elyvilon
Gozag
Hepliaklqana
Kikubaaqudgha
Makhleb
Nemelex Xobeh
Okawaru
Ru
Sif Muna
Uskayaw
Wu Jian
Yredelemnul
Zin
The Shining One

Shops:
D:4 (


Innate Abilities, Weirdness & Mutations

Your serpentine skin is tough. (AC +3)
You have supernaturally acute eyesight. (SInv)
Armour fits poorly on your strangely shaped body.
Your system is resistant to poisons. (rPois)
You cover ground very slowly.
You can spit poison.
You have a snake-like lower body.


Message History

The orc knight is distracted by your dazzling golden aura.
Unknown command.
Aiming: Corrosive Bolt
Press: ? - help, Shift-Dir - straight line, f - orc knight
Aim: an orc knight, wielding a +0 bardiche and wearing a +0 ring mail (severely wounded, strong, unaware, covered in acid, ally target, hasn't noticed you, 64% to hit)
The bolt of acid hits the orc knight!
The orc knight seems to be corroded for longer.
The orc knight is almost dead.
The orc knight is no longer distracted by gold.
Your fulminant prism crackles loudly.
Unknown command.
Aiming: Spit Poison (1% risk of failure)
Press: ? - help, Shift-Dir - straight line, f/p - orc knight
Aim: an orc knight, wielding a +0 bardiche and wearing a +0 ring mail (almost dead, strong, covered in acid, ally target, 55% to hit)
The splash of poison misses the orc knight.
Your fulminant prism explodes!
The blast of energy engulfs the orc knight.
The orc knight is almost dead.
The orc knight hits you from afar with a +0 bardiche!
Unknown command.
Aiming: Corrosive Bolt
Press: ? - help, Shift-Dir - straight line, f/p - orc knight
Aim: an orc knight, wielding a +0 bardiche and wearing a +0 ring mail (almost dead, strong, covered in acid, 64% to hit)
Okay, then.
Casting: Fulminant Prism (dangerous; 9% risk of failure)
Confirm with . or Enter, or press ? or * to list all spells.
Aiming: Fulminant Prism (dangerous; 9% risk of failure)
Press: ? - help, Dir - move target, p - orc knight You conjure a prism of explosive energy!
A fulminant prism comes into view.
The orc knight hits you from afar with a +0 bardiche!!
* * * LOW HITPOINT WARNING * * *
Unknown command.
Aiming: Corrosive Bolt
Press: ? - help, Shift-Dir - straight line The bolt of acid misses the orc knight.
Your fulminant prism crackles loudly.
The orc knight hits you from afar with a +0 bardiche!!
You die...
Your body crumbles into a pile of gold.

####### ############
#####.....## ##.).))...∩.##
...#.......######....)#...)..#
!!.'...##..#*...#..))###.....#
!!.'....ß..').o)@.))).ß..)..∩#
$!.'...##..#....#)...###.....#
...#$..)...######....)#......#
#####.....## ##........∩.##
####### ############


You could see an orc knight (strong, corroded, ally target) and a friendly
fulminant prism.

Vanquished Creatures
  An orc knight (Bailey)
  A troll (D:7)
  Prince Ribbit (D:5)
  Grinder (D:3)
  Sigmund (D:4)
  Eustachio (D:6)
  A yak (D:8)
  Menkaure (D:4)
  4 water moccasins
  10 orc warriors
  2 sky beasts
  2 black bears
  3 ogres
  3 centaurs
  A phantom (D:5)
  3 bullfrogs
  2 scorpions (D:6)
  2 gnoll sergeants (D:7)
  A wyvern zombie (D:5)
  A jelly (D:7)
  4 howler monkeys
  9 crimson imps (D:7)
  4 bullfrog zombies (D:5)
  A bombardier beetle (D:6)
  2 gnoll boudas (D:7)
  2 orc priests
  3 hounds
  9 orc wizards
  A sleepcap (D:6)
  2 iguanas (D:5)
  3 hound zombies
  A hound skeleton (D:3)
  12 gnolls
  7 adders
  2 shadow imps
  2 ufetubi (D:6)
  2 adder zombies (D:3)
  An adder skeleton (D:3)
  3 dart slugs
  A ribbon worm (D:5)
  36 orcs
  4 endoplasms
  3 giant cockroaches (D:1)
  20 hobgoblins
  4 jackals (D:3)
  15 kobolds
  3 quokkas (D:3)
  8 ball pythons
  A ball python skeleton (D:3)
  4 bats
  A frilled lizard (D:1)
  9 goblins
  2 jackal zombies (D:3)
  A quokka skeleton (D:3)
  4 rats
228 creatures vanquished.

Vanquished Creatures (others)
  20 fulminant prisms
20 creatures vanquished.

Grand Total: 248 creatures vanquished

Notes
Turn   | Place    | Note
-------+----------+-------------------------------------------
     0 | D:1      | Meow the Naga Conjurer began the quest for the Orb.
     0 | D:1      | Reached XP level 1. HP: 15/15 MP: 3/3
    71 | D:1      | Reached XP level 2. HP: 22/22 MP: 1/5
    80 | D:1      | Learned a level 2 spell: Searing Ray
   590 | D:1      | Reached XP level 3. HP: 28/28 MP: 5/7
  1092 | D:2      | Reached XP level 4. HP: 36/36 MP: 4/8
  1739 | D:3      | Reached skill level 5 in Conjurations
  1935 | D:3      | Reached XP level 5. HP: 40/42 MP: 5/10
  2196 | D:3      | Noticed Grinder
  2227 | D:3      | Killed Grinder
  2228 | D:3      | Reached XP level 6. HP: 39/49 MP: 0/12
  2583 | D:3      | You are sucked into a shaft and drop 2 floors!
  2583 | D:5      | Entered Level 5 of the Dungeon
  2585 | D:5      | Noticed Prince Ribbit
  2595 | D:5      | Killed Prince Ribbit
  2596 | D:5      | Reached skill level 5 in Spellcasting
  2596 | D:5      | Reached XP level 7. HP: 27/55 MP: 7/14
  2970 | D:3      | Reached skill level 1 in Fighting
  3171 | D:4      | Found Xaziby Tema's Antique Weapon Emporium.
  3171 | D:4      | Noticed Menkaure
  3173 | D:4      | Noticed Sigmund
  3366 | D:4      | Reached skill level 2 in Fighting
  3453 | D:4      | Killed Menkaure
  3454 | D:4      | Reached skill level 3 in Fighting
  3519 | D:4      | Killed Sigmund
  3520 | D:4      | Reached skill level 4 in Fighting
  3520 | D:4      | Reached XP level 8. HP: 66/73 MP: 8/15
  3577 | D:4      | Reached skill level 5 in Fighting
  4105 | D:5      | Reached skill level 6 in Fighting
  4340 | D:5      | Reached skill level 7 in Fighting
  4670 | D:5      | Reached XP level 9. HP: 88/88 MP: 10/16
  4678 | D:5      | Found a basalt altar of Yredelemnul.
  4684 | D:5      | Reached skill level 8 in Fighting
  5031 | D:5      | Found a burning altar of Makhleb.
  5033 | D:5      | Found a hide-covered altar of Uskayaw.
  5456 | D:6      | Found a staircase to the Ecumenical Temple.
  5463 | Temple   | Entered the Ecumenical Temple
  5472 | Temple   | Became a worshipper of Gozag Ym Sagoz the Greedy
  5687 | D:6      | Learned a level 4 spell: Fulminant Prism
  5692 | D:6      | Learned a level 4 spell: Iskenderun's Mystic Blast
  5751 | D:6      | Found a white marble altar of Elyvilon.
  5768 | D:6      | Noticed Eustachio
  5777 | D:6      | Killed Eustachio
  6122 | D:6      | Found an ornate altar of the Wu Jian Council.
  6123 | D:6      | Found a shimmering blue altar of Sif Muna.
  6639 | D:4      | Bought a fine mace for 208 gold pieces
  6639 | D:4      | Identified the +3 mace "Kucud" {freeze, Will+} (You bought
                  | it in a shop on level 4 of the Dungeon)
  6731 | D:7      | Reached skill level 9 in Fighting
  7177 | D:7      | Noticed a troll
  7185 | D:7      | Killed a troll
  7425 | D:7      | Reached XP level 10. HP: 99/99 MP: 13/19
  7676 | D:7      | Found a glowing silver altar of Zin.
  8658 | D:8      | Reached skill level 10 in Fighting
  8758 | D:8      | Found a flagged portal.
  8777 | Bailey   | Entered a bailey
  9109 | Bailey   | Noticed an orc knight
  9131 | Bailey   | Learned a level 1 spell: Sting
  9375 | Bailey   | Noticed an orc knight
  9506 | Bailey   | Noticed an orc knight
  9510 | Bailey   | Killed an orc knight
  9515 | Bailey   | Mangled by an orc knight

Illustrated notes

Levels and vault maps discovered:
D:1:      psy_arrival_radial01, layout_loops_ring
D:2:      layout_rooms, chequers_serial_rivers_small_b, minmay_box_of_dots
D:3:      layout_loops_corners, serial_undead, serial_undead_e, serial_undead_f,
          serial_undead_f, serial_undead_e, serial_undead_e, serial_undead_f,
          serial_undead_f, st_stairs_4, uniq_grinder
D:4:      layout_basic, kennysheep_windowed_goal, uniq_sigmund, uniq_menkaure
D:5:      layout_rooms, nicolae_overflow_squiral,
          nicolae_yredelemnul_corpse_copse, kennysheep_generic_room_3,
          uniq_prince_ribbit1
D:6:      layout_layer_cave, mainiacjoe_overflow_boulevard,
          nicolae_overflow_two_pavilions, minmay_temple_entry_nine_rooms,
          uniq_eustachio
D:7:      kennysheep_housing_project, layout_basic, zin_scriptorium,
          minmay_nine_imps
D:8:      minmay_the_grid_octo_tiled_squarecenter
          [minmay_the_grid_octo_checkered, minmay_the_grid_octo_empty,
          minmay_the_grid_octo_fan_narrow, minmay_the_grid_octo_clover_2,
          minmay_the_grid_square_5x5_megaprize_hollow,
          minmay_the_grid_square_5x5_eight_small,
          minmay_the_grid_square_5x5_three, minmay_the_grid_square_5x5_shrine1,
          minmay_the_grid_square_5x5_seven], layout_cave_pods, enter_bailey_5,
          minmay_misc_feat_chi
Temple:   nicolae_temple_cloud_nine
Bailey:   bailey_polearm_5, bailey

Skill      XL: |  1  2  3  4  5  6  7  8  9 10 |
---------------+-------------------------------+-----
Spellcasting   | 3 4 5 6 7 |  7.9
Conjurations   | 5 6 7 8 9 |  9.6
Fighting       | 4 7 9 10 | 10.5
Dodging        | |  1.5
Stealth        | |  3.0

Action                     |  1- 3 |  4- 6 |  7- 9 | 10-12 || total
---------------------------+-------+-------+-------+-------++-------
  Melee: Whip              |       |    19 |       |       ||    19
         Mace              |       |       |    13 |       ||    13
   Fire: Orcbow            |       |       |    39 |    55 ||    94
   Cast: Magic Dart        |    23 |    27 |    25 |       ||    75
         Searing Ray       |     2 |    17 |    63 |    47 ||   129
         Fulminant Prism   |       |       |     2 |    19 ||    21
Ability: Spit Poison       |    21 |    18 |    38 |    34 ||   111
  Evoke: Wand              |       |       |       |     8 ||     8
    Use: Scroll            |       |     5 |     5 |     5 ||    15
         Potion            |       |     4 |       |       ||     4
 Armour: Robe              |     2 |    32 |   110 |    66 ||   210
  Dodge: Dodged            |     4 |    20 |    46 |    35 ||   105

Table legend: (Time is in decaauts)
 A = Elapsed time spent in this place.
 B = Non-inter-level travel time spent in this place.
 C = Inter-level travel time spent in this place.
 D = Time resting spent in this place.
 E = Time spent auto-exploring this place.
 F = Levels seen in this place.
 G = Mean time per level.
                   A        B        C        D        E       F      G
               +--------+--------+--------+--------+--------+-----+--------+
         Total |  11773 |  11235 |    538 |   2962 |   6360 |  10 | 1177.3 |
       Dungeon |  10933 |  10403 |    530 |   2508 |   6241 |   8 | 1366.6 |
        Temple |     22 |     14 |      8 |      0 |      0 |   1 |   22.0 |
        Bailey |    817 |    817 |      0 |    454 |    119 |   1 |  817.0 |
               +--------+--------+--------+--------+--------+-----+--------+

Top non-repeatable levels by time:
     D:7: 2187 daAuts
     D:6: 1901 daAuts
     D:3: 1664 daAuts
     D:5: 1518 daAuts
     D:1: 1368 daAuts
     D:4: 1111 daAuts
  Bailey: 817 daAuts
     D:2: 789 daAuts
     D:8: 393 daAuts
  Temple: 22 daAuts
